Map: Persephone LE

Players

LunaSea

  • Race: Protoss Protoss
  • Spawn Location: 11:00

Jumy (ForJumy) - Winner!

  • Race: Protoss Protoss
  • League: Grandmaster
  • Spawn Location: 7:00

Event: HomeStory Cup XXVII

VOD

Have the link to the VOD?

Description

Time

  • Played on: June 27, 2025, 11:12 a.m.
  • Length: 9:00

All games in this series

Show
View Real Time Build Order
Export as new Build Order

LunaSea Protoss 

Build Orders: Colossus Rush 

Get SALT Encoding   

  12  0:00  Probe  
  13  0:12  Probe  
  14  0:17  Pylon  
  14  0:24  Probe  
  15  0:32  Probe  
  15  0:37  Gateway  
  15  0:40  Probe  
  16  0:46  Assimilator  
  17  0:51  Probe  
  17  0:54  Assimilator  
  18  0:59  Probe  
  19  1:07  Probe  
  19  1:08  Gateway  
  19  1:17  Probe  
  20  1:24  Cybernetics Core  
  21  1:29  Probe  
  22  1:35  Pylon  
  22  1:41  Probe  
  23  1:53  Probe  
  24  1:57  Stalker  
  24  2:00  Warp Gate, Sentry  
  28  2:05  Pylon  
  28  2:13  Shield Battery  
  28  2:16  Pylon  
  28  2:37  Pylon  
  28  2:47  Nexus  
  28  2:48  Probe  
  28  2:49  Sentry  
  31  3:01  Shield Battery, Probe  
  32  3:13  Probe  
  32  3:14  Sentry  
  32  3:16  Sentry  
  32  3:19  Robotics Facility  
  37  3:25  Probe  
  38  3:37  Probe  
  38  3:39  Shield Battery  
  39  3:56  Warp Prism  
  39  3:59  Pylon, Probe x2  
  41  4:05  Colossus  
  41  4:07  Probe  
  43  4:11  Probe, Stalker x2  
  43  4:15  Probe  
  49  4:23  Probe  
  51  4:24  Immortal  
  51  4:27  Probe  
  52  4:32  Shield Battery  
  52  4:35  Probe  
  57  4:39  Probe  
  57  4:43  Shield Battery  
  57  4:45  Stalker x2  
  47  5:04  Probe  
  47  5:05  Immortal  
  46  5:09  Probe  
  47  5:16  Probe  
  47  5:18  Twilight Council  
  50  5:21  Probe  
  51  5:28  Probe  
  51  5:33  Immortal, Probe  
  51  5:34  Pylon  
  53  5:36  Pylon  
  53  5:40  Probe  
  54  5:47  Gateway x2  
  58  5:50  Resonating Glaives  
  58  6:02  Adept x2  
  62  6:04  Warp Prism  
  62  6:12  Gateway  
  62  6:14  Gateway  
  64  6:24  Gateway  
  64  6:27  Adept x2  
  64  6:42  Pylon  
  64  6:50  Pylon  
  64  6:51  Adept x2  
  57  7:07  Immortal  
  58  7:09  Probe x2  
  60  7:21  Probe  
  60  7:22  Adept x7  
  63  7:52  Adept x3  
  63  7:53  Adept x4  
  75  8:16  Adept x5  
  85  8:20  Pylon  
  85  8:21  Pylon  
  81  8:33  Adept  
Show
View Real Time Build Order
Export as new Build Order

Jumy Protoss - Winner!

Build Orders: Blink Stalkers 

Get SALT Encoding   

  12  0:00  Probe  
  13  0:12  Probe  
  14  0:16  Pylon  
  14  0:24  Probe  
  15  0:32  Probe  
  15  0:36  Gateway  
  15  0:40  Probe  
  16  0:46  Assimilator  
  17  0:50  Probe  
  17  0:54  Assimilator  
  18  1:00  Probe  
  19  1:07  Gateway  
  19  1:09  Probe  
  19  1:17  Probe  
  20  1:23  Cybernetics Core  
  21  1:29  Probe  
  22  1:33  Pylon  
  22  1:41  Probe  
  23  1:53  Probe  
  24  1:58  Stalker  
  24  2:01  Sentry  
  28  2:02  Warp Gate  
  28  2:05  Probe  
  29  2:12  Pylon  
  29  2:17  Probe  
  31  2:30  Probe, Adept x2  
  34  2:43  Probe  
  35  2:54  Nexus  
  35  2:59  Pylon  
  35  3:01  Sentry  
  37  3:06  Sentry  
  39  3:17  Probe  
  39  3:18  Twilight Council  
  40  3:29  Probe  
  40  3:30  Forge  
  41  3:36  Shield Battery  
  41  3:41  Probe  
  41  3:46  Blink  
  42  3:53  Probe  
  42  3:54  Stalker x2  
  47  4:04  Probe  
  47  4:05  Probe, Protoss Ground Weapons Level 1  
  49  4:13  Probe  
  49  4:16  Probe  
  49  4:24  Probe  
  51  4:27  Probe  
  53  4:33  Stalker  
  53  4:34  Stalker  
  57  4:39  Probe  
  56  4:53  Probe  
  56  4:55  Probe  
  56  4:58  Stalker x2  
  56  5:04  Assimilator  
  56  5:05  Probe  
  54  5:07  Probe  
  54  5:08  Gateway  
  54  5:12  Gateway  
  54  5:17  Probe  
  54  5:19  Probe  
  56  5:22  Stalker x2  
  60  5:29  Probe  
  60  5:33  Nexus  
  61  5:36  Pylon  
  61  5:37  Probe  
  61  5:40  Pylon  
  62  5:54  Probe, Protoss Ground Weapons Level 2  
  63  5:57  Sentry  
  63  5:58  Stalker  
  63  5:59  Probe  
  63  6:00  Pylon  
  63  6:02  Pylon  
  68  6:06  Gateway  
  68  6:08  Stalker x2  
  68  6:09  Probe  
  73  6:17  Pylon  
  73  6:19  Probe  
  73  6:24  Gateway  
  74  6:28  Robotics Facility  
  74  6:32  Probe  
  73  6:34  Probe  
  72  6:44  Probe  
  73  6:49  Probe  
  73  6:51  Stalker x3  
  76  7:04  Stalker x2  
  76  7:05  Probe  
  77  7:13  Shield Battery, Probe  
  78  7:16  Shield Battery, Photon Cannon  
  78  7:17  Shield Battery  
  78  7:21  Observer  
  79  7:24  Stalker x3  
  85  7:32  Stalker x2  
  83  7:51  Stalker x4  
  83  7:55  Assimilator  
  83  7:56  Shield Battery  
  83  7:57  Photon Cannon  
  91  8:00  Pylon  
  91  8:11  Stalker x2  
  93  8:19  Stalker x2  
  97  8:21  Probe  
  96  8:31  Stalker x2  
  96  8:33  Probe  
  93  8:42  Stalker x3  
  93  8:43  Zealot  
  93  8:49  Pylon  
  93  8:50  Pylon  
  93  8:55  Stalker x2  
Tags
 
Composition
Blink Stalkers
Matchup
PvP
Replay Pack
hsc27
Spawn Locations
Close Positions
Add a new tag
Caveats
  • Supply blocks, unpowered buildings, or Contaminate may cause inaccurate times.
  • Supply counts are checked every 10 seconds.